Calgary Flames vs Anaheim Ducks
Created - Saturday, March 16, 2024 at 09:36
Goals
|
| Calgary Flames |
1 |
0 |
2 |
3 |
| Anaheim Ducks |
0 |
1 |
0 |
1 |
|
Shots
|
| Calgary Flames |
12 |
6 |
16 |
34 |
| Anaheim Ducks |
16 |
10 |
4 |
30 |
|
1st period
1. Calgary Flames , Timo Meier 14 (Zach Hyman 20, Sebastian Aho 33) at 16:39
Penalties :
Alex Killorn (ANA) for Hooking (Minor) at 0:40
2nd period
2. Anaheim Ducks , J.T. Compher 4 (Teuvo Teravainen 10, Chandler Stephenson 13) at 0:48
Penalties :
Josh Manson (ANA) for Roughing (Minor) at 1:31, Jacob Middleton (CGY) for Hooking (Minor) at 5:02, Timo Meier (CGY) for Hooking (Minor) at 19:20
3rd period
3. Calgary Flames , Matthew Tkachuk 17 (Joel Eriksson Ek 15, J.T. Miller 27) at 14:39 (PP)
4. Calgary Flames , Sebastian Aho 16 (Kris Letang 12, J.T. Miller 28) at 19:18 (Empty Net)
Penalties :
Mason Marchment (ANA) for Hooking (Minor) at 6:42, J.T. Compher (ANA) for Hooking (Minor) at 13:50, Joshua Morrissey (ANA) for High sticking (Minor) at 15:47, Kris Letang (CGY) for Hooking (Minor) at 16:02
Goalie Stats
Ilya Sorokin (CGY), 29 saves from 30 shots - (0.967), W, 20-3-2, 60:00 minutes
James Reimer (ANA), 31 saves from 33 shots - (0.939), L, 3-3-1, 59:27 minutes
Players Stats for Calgary Flames
Player Name G A P +/- PIM S H SB GA TA FO MP PP MP PK MP
------------------------------------------------------------------------------------
Cole Sillinger 0 0 0 0 0 0 1 0 0 0 0/2 7:02 0:00 0:00
J.T. Miller 0 2 2 0 0 1 1 0 0 1 6/14 19:02 3:25 1:58
Jacob Middleton 0 0 0 1 2 0 1 1 0 0 0/0 14:49 0:00 0:00
Jeff Petry 0 0 0 1 0 1 1 2 0 1 0/0 22:57 3:25 2:01
Joel Eriksson Ek 0 1 1 0 0 4 1 2 1 0 1/3 19:35 3:25 2:11
Kris Letang 0 1 1 1 2 2 0 2 0 1 0/0 22:27 3:24 1:58
Mathieu Joseph 0 0 0 0 0 5 3 0 0 0 1/1 17:00 0:00 2:11
Matthew Tkachuk 1 0 1 -1 0 2 1 1 3 0 1/1 15:59 3:25 0:00
Michael Anderson 0 0 0 1 0 2 1 0 0 0 0/0 16:59 0:00 2:14
Nic Dowd 0 0 0 0 0 0 1 0 1 0 10/14 15:41 0:00 1:58
Oliver Bjorkstrand 0 0 0 0 0 3 0 0 1 1 1/1 13:43 0:00 0:00
Rafael Harvey-Pinard 0 0 0 0 0 1 1 0 1 0 0/0 7:02 0:00 0:00
Rasmus Andersson 0 0 0 -1 0 0 2 1 0 0 0/0 23:09 3:36 2:12
Ryan McDonagh 0 0 0 -1 0 1 0 1 0 0 0/0 20:38 3:36 0:01
Sebastian Aho 1 1 2 2 0 5 3 0 0 0 8/15 17:15 3:36 0:04
Timo Meier 1 0 1 1 2 2 2 1 0 0 1/2 16:44 3:36 0:00
Yakov Trenin 0 0 0 0 0 2 0 0 1 0 0/0 7:02 0:00 0:00
Zach Hyman 0 1 1 1 0 3 2 0 1 0 0/1 16:56 3:36 0:04
Players Stats for Anaheim Ducks
Player Name G A P +/- PIM S H SB GA TA FO MP PP MP PK MP
------------------------------------------------------------------------------------
Alex Killorn 0 0 0 0 2 1 3 0 1 0 0/0 15:14 1:37 2:56
Brayden Schenn 0 0 0 0 0 0 2 0 0 0 0/0 15:18 1:52 1:22
Brenden Dillon 0 0 0 -1 0 0 2 2 0 2 0/0 18:52 0:00 3:13
Calle Jarnkrok 0 0 0 1 0 1 0 0 0 0 0/0 10:36 0:00 0:00
Chandler Stephenson 0 1 1 0 0 1 0 0 0 0 10/16 16:26 1:37 3:56
Esa Lindell 0 0 0 1 0 0 1 3 0 0 0/0 21:41 0:15 3:41
Ivan Provorov 0 0 0 -1 0 0 1 1 1 4 0/0 21:11 1:22 3:48
J.T. Compher 1 0 1 0 2 1 1 0 0 0 6/9 13:32 0:00 2:38
John Tavares 0 0 0 -2 0 2 0 0 0 0 8/22 18:19 2:21 0:00
Josh Manson 0 0 0 0 2 2 2 4 0 2 0/0 18:50 1:22 2:29
Joshua Morrissey 0 0 0 0 2 1 0 1 0 0 0/0 19:59 2:51 0:00
Mark Scheifele 0 0 0 -1 0 1 3 0 0 0 1/3 18:46 2:36 0:00
Mason Marchment 0 0 0 0 2 3 0 0 0 0 0/0 9:42 0:00 0:00
Max Domi 0 0 0 0 0 3 1 0 2 1 0/0 10:27 0:00 0:17
Morgan Rielly 0 0 0 -1 0 3 0 1 0 0 0/0 20:40 2:51 0:51
Nazem Kadri 0 0 0 0 0 5 0 0 0 0 0/1 9:54 0:00 0:05
Teuvo Teravainen 0 1 1 1 0 4 0 0 0 0 0/0 13:24 0:00 2:48
William Nylander 0 0 0 -2 0 2 0 1 0 0 0/3 18:19 2:21 0:00
3 Stars
1 - Sebastian Aho (CGY)
2 - Ilya Sorokin (CGY)
3 - Timo Meier (CGY)
Power Play
Calgary Flames - 1 on 5 Attempt(s) - 20.00%
Anaheim Ducks - 0 on 3 Attempt(s) - 0.00%
Penalty Kill
Calgary Flames - 3 on 3 Attempt(s) - 100.00%
- Score 0 goal in Penalty Kill
Anaheim Ducks - 4 on 5 Attempt(s) - 80.00%
- Score 0 goal in Penalty Kill
Team Stat
Calgary Flames - Hits : 21 - Faceoff Wins : 29 - Blocked Shots : 11 - Penalty Minutes : 6
Anaheim Ducks - Hits : 16 - Faceoff Wins : 25 - Blocked Shots : 13 - Penalty Minutes : 10
Official
Referees : Wes McCauley and Tim Peel
Linesman : Kiel Murchison and Ryan Gibbons
Game Notes
Sebastian Aho has scored in a empty net!
Finance
Level 1 -- Attendance: 4969 (82.82%) -- Ticket Income $496,900
Level 2 -- Attendance: 3657 (73.14%) -- Ticket Income $219,420
Level 3 -- Attendance: 1980 (66.00%) -- Ticket Income $91,080
Level 4 -- Attendance: 3610 (72.20%) -- Ticket Income $90,250
Luxury Box -- Attendance: 718 (71.80%) -- Ticket Income $143,600
Game was played at the Honda Center.
Total Attendance: 14934 (74.67%)
Total Ticket Income: $1,041,250
Other Income: $364,438
Total Income: $1,405,688
Calgary Flames
5 vs 5 Forward
Center Left Wing Right Wing Time % Phy DF OF
1 J.T. Miller Matthew Tkachuk Joel Eriksson Ek 31 0 2 3
2 Sebastian Aho Zach Hyman Timo Meier 30 0 2 3
3 Nic Dowd Mathieu Joseph Oliver Bjorkstrand 29 0 2 3
4 Cole Sillinger Rafael Harvey-Pinard Yakov Trenin 10 1 3 1
5 vs 5 Defense
Defense Defense Time % Phy DF OF
1 Kris Letang Jeff Petry 35 1 3 1
2 Rasmus Andersson Ryan McDonagh 35 1 3 1
3 Michael Anderson Jacob Middleton 30 1 3 1
4 Kris Letang Jeff Petry 0 1 3 1
PowerPlay Forward
Center Left Wing Right Wing Time % Phy DF OF
1 J.T. Miller Matthew Tkachuk Joel Eriksson Ek 50 0 0 5
2 Sebastian Aho Zach Hyman Timo Meier 50 0 0 5
PowerPlay Defense
Defense Defense Time % Phy DF OF
1 Kris Letang Jeff Petry 50 0 0 5
2 Rasmus Andersson Ryan McDonagh 50 0 0 5
Penalty Kill 4 Players Forward
Center Wing Time % Phy DF OF
1 Joel Eriksson Ek Mathieu Joseph 50 0 5 0
2 J.T. Miller Nic Dowd 50 0 5 0
Penalty Kill 4 Players Defense
Defense Defense Time % Phy DF OF
1 Kris Letang Rasmus Andersson 50 0 5 0
2 Jeff Petry Michael Anderson 50 0 5 0
Penalty Kill - 3 Players Forward
Forward Time % Phy DF OF
1 J.T. Miller 50 0 5 0
2 Sebastian Aho 50 0 5 0
Penalty Kill - 3 Players Defense
Defense Defense Time % Phy DF OF
1 Kris Letang Jeff Petry 50 0 5 0
2 Rasmus Andersson Ryan McDonagh 50 0 5 0
4 vs 4 Forward
Center Wing Time % Phy DF OF
1 J.T. Miller Timo Meier 50 1 2 2
2 Sebastian Aho Zach Hyman 50 1 2 2
4 vs 4 Defense
Defense Defense Time % Phy DF OF
1 Jeff Petry Kris Letang 50 1 2 2
2 Rasmus Andersson Jacob Middleton 50 1 2 2
Last Minutes Offensive
Center Left Wing Right Wing Defense Defense
J.T. Miller Matthew Tkachuk Sebastian Aho Kris Letang Jeff Petry
Last Minutes Defensive
Center Left Wing Right Wing Defense Defense
J.T. Miller Sebastian Aho Joel Eriksson Ek Kris Letang Jeff Petry
Goaltenders
Starting : Ilya Sorokin
Backup : Samuel Montembeault
Extra Forwards
Normal : Nic Dowd, Joel Eriksson Ek, Mathieu Joseph - PP : Nic Dowd, Joel Eriksson Ek - PK : Mathieu Joseph
Extra Defensemen
Normal : Rasmus Andersson, Kris Letang, Jeff Petry - PP : Rasmus Andersson - PK : Kris Letang, Jeff Petry
Penalty Shots
J.T. Miller, Matthew Tkachuk, Sebastian Aho, Joel Eriksson Ek, Timo Meier
Anaheim Ducks
5 vs 5 Forward
Center Left Wing Right Wing Time % Phy DF OF
1 John Tavares William Nylander Mark Scheifele 40 1 1 3
2 Chandler Stephenson Brayden Schenn Alex Killorn 30 1 2 2
3 J.T. Compher Teuvo Teravainen Calle Jarnkrok 20 1 2 2
4 Nazem Kadri Max Domi Mason Marchment 10 1 2 2
5 vs 5 Defense
Defense Defense Time % Phy DF OF
1 Esa Lindell Joshua Morrissey 35 1 2 2
2 Brenden Dillon Morgan Rielly 35 1 2 2
3 Ivan Provorov Josh Manson 30 1 2 2
4 Morgan Rielly Esa Lindell 0 1 2 2
PowerPlay Forward
Center Left Wing Right Wing Time % Phy DF OF
1 John Tavares William Nylander Mark Scheifele 60 1 1 3
2 Chandler Stephenson Brayden Schenn Alex Killorn 40 0 1 4
PowerPlay Defense
Defense Defense Time % Phy DF OF
1 Joshua Morrissey Morgan Rielly 60 1 2 2
2 Josh Manson Ivan Provorov 40 1 2 2
Penalty Kill 4 Players Forward
Center Wing Time % Phy DF OF
1 Chandler Stephenson Alex Killorn 55 1 3 1
2 J.T. Compher Teuvo Teravainen 45 1 3 1
Penalty Kill 4 Players Defense
Defense Defense Time % Phy DF OF
1 Esa Lindell Brenden Dillon 50 1 3 1
2 Ivan Provorov Josh Manson 50 1 3 1
Penalty Kill - 3 Players Forward
Forward Time % Phy DF OF
1 Alex Killorn 50 1 3 1
2 Chandler Stephenson 50 1 3 1
Penalty Kill - 3 Players Defense
Defense Defense Time % Phy DF OF
1 Esa Lindell Brenden Dillon 50 1 3 1
2 Josh Manson Ivan Provorov 50 1 3 1
4 vs 4 Forward
Center Wing Time % Phy DF OF
1 John Tavares William Nylander 60 1 2 2
2 Chandler Stephenson Mark Scheifele 40 1 2 2
4 vs 4 Defense
Defense Defense Time % Phy DF OF
1 Esa Lindell Morgan Rielly 50 1 2 2
2 Ivan Provorov Brenden Dillon 50 1 2 2
Last Minutes Offensive
Center Left Wing Right Wing Defense Defense
John Tavares William Nylander Mark Scheifele Joshua Morrissey Morgan Rielly
Last Minutes Defensive
Center Left Wing Right Wing Defense Defense
Chandler Stephenson Alex Killorn Teuvo Teravainen Ivan Provorov Esa Lindell
Goaltenders
Starting : James Reimer
Backup : Linus Ullmark
Extra Forwards
Normal : William Nylander, John Tavares, Mark Scheifele - PP : John Tavares, Mark Scheifele - PK : Alex Killorn
Extra Defensemen
Normal : Esa Lindell, Morgan Rielly, Joshua Morrissey - PP : Joshua Morrissey - PK : Esa Lindell, Morgan Rielly
Penalty Shots
William Nylander, Teuvo Teravainen, Mark Scheifele, Calle Jarnkrok, Alex Killorn
% Time on Ice - Calgary Flames
Lines # - Real PCT - Wanted PCT - Time Play
Normal Forward
1 - 29% - 31% - 13:40
2 - 26% - 30% - 12:18
3 - 29% - 29% - 13:43
4 - 15% - 10% - 7:02
Normal Defense
1 - 34% - 35% - 15:50
2 - 35% - 35% - 16:15
3 - 31% - 30% - 14:38
4 - 0% - 0% - 0:00
PP Forward
1 - 49% - 50% - 3:25
2 - 51% - 50% - 3:36
PP Defense
1 - 49% - 50% - 3:25
2 - 51% - 50% - 3:36
PK Forward
1 - 52% - 50% - 2:11
2 - 48% - 50% - 2:02
PK Defense
1 - 53% - 50% - 2:13
2 - 47% - 50% - 2:00
PK3 Forward
1 - 0% - 50%
2 - 0% - 50%
PK3 Defense
1 - 0% - 50%
2 - 0% - 50%
44 Forward
1 - 44% - 50% - 0:46
2 - 56% - 50% - 0:58
44 Defense
1 - 91% - 50% - 1:35
2 - 9% - 50% - 0:09
Last Minute Offensive - 0:00
Last Minute Defensive - 0:19
Total
Forward - 60:00
Defense - 60:00
|
% Time on Ice - Anaheim Ducks
Lines # - Real PCT - Wanted PCT - Time Play
Normal Forward
1 - 34% - 40% - 15:50
2 - 23% - 30% - 10:34
3 - 23% - 20% - 10:36
4 - 21% - 10% - 9:43
Normal Defense
1 - 36% - 35% - 16:52
2 - 34% - 35% - 15:55
3 - 30% - 30% - 13:56
4 - 0% - 0% - 0:00
PP Forward
1 - 62% - 60% - 2:36
2 - 38% - 40% - 1:37
PP Defense
1 - 68% - 60% - 2:51
2 - 32% - 40% - 1:22
PK Forward
1 - 60% - 55% - 4:13
2 - 40% - 45% - 2:48
PK Defense
1 - 46% - 50% - 3:13
2 - 54% - 50% - 3:48
PK3 Forward
1 - 0% - 50%
2 - 0% - 50%
PK3 Defense
1 - 0% - 50%
2 - 0% - 50%
44 Forward
1 - 84% - 60% - 1:27
2 - 16% - 40% - 0:17
44 Defense
1 - 58% - 50% - 1:00
2 - 42% - 50% - 0:44
Last Minute Offensive - 0:19
Last Minute Defensive - 0:00
Total
Forward - 60:00
Defense - 60:00
|
Play-by-Play
1st period
0:01 of 1st period - Joel Eriksson Ek wins face-off versus John Tavares in neutral zone.
0:14 of 1st period - Snap shot by Matthew Tkachuk.
0:14 of 1st period - Shot Misses the Net.
0:40 of 1st period - Minor Penalty to Alex Killorn for Hooking.
0:41 of 1st period - Chandler Stephenson wins face-off versus J.T. Miller in Anaheim Ducks zone.
2:38 of 1st period - J.T. Miller is hit by Max Domi and loses puck.
2:40 of 1st period - Penalty to Alex Killorn is over, Alex Killorn is back on ice.
2:56 of 1st period - Off-side.
2:57 of 1st period - Nic Dowd wins face-off versus John Tavares in neutral zone.
2:59 of 1st period - Off-side.
3:00 of 1st period - Nic Dowd wins face-off versus John Tavares in neutral zone.
3:17 of 1st period - Wrist shot by William Nylander.
3:17 of 1st period - Shot Misses the Net.
4:29 of 1st period - Off-side.
4:30 of 1st period - John Tavares wins face-off versus Nic Dowd in neutral zone.
5:21 of 1st period - Brayden Schenn is hit by Rasmus Andersson and loses puck.
5:55 of 1st period - Wrist shot by Matthew Tkachuk.
5:55 of 1st period - Shot Misses the Net.
6:09 of 1st period - William Nylander is hit by Jacob Middleton and loses puck.
6:48 of 1st period - Snap shot by Matthew Tkachuk.
6:48 of 1st period - Stopped by James Reimer with a rebound.
7:02 of 1st period - Snap shot by Nazem Kadri.
7:02 of 1st period - Shot Misses the Net.
7:14 of 1st period - Slapshot by Nazem Kadri.
7:14 of 1st period - Shot Misses the Net.
8:12 of 1st period - Slapshot by Max Domi.
8:12 of 1st period - Shot Blocked by Jeff Petry.
8:14 of 1st period - Wrist shot by Max Domi.
8:14 of 1st period - Shot Misses the Net.
8:44 of 1st period - Wrist shot by Max Domi.
8:44 of 1st period - Stopped by Ilya Sorokin with a rebound.
8:46 of 1st period - Snap shot by Mason Marchment.
8:46 of 1st period - Stopped by Ilya Sorokin with a rebound.
8:48 of 1st period - Slapshot by Max Domi.
8:48 of 1st period - Shot Misses the Net.
8:50 of 1st period - Wrist shot by Mason Marchment.
8:50 of 1st period - Shot Blocked by Joel Eriksson Ek.
8:52 of 1st period - Snap shot by Max Domi.
8:52 of 1st period - Shot Misses the Net.
8:54 of 1st period - Slapshot by Max Domi.
8:54 of 1st period - Shot Blocked by Joel Eriksson Ek.
8:56 of 1st period - Wrist shot by Max Domi.
8:56 of 1st period - Shot Blocked by Kris Letang.
9:06 of 1st period - Snap shot by Nazem Kadri.
9:06 of 1st period - Shot Misses the Net.
9:16 of 1st period - Snap shot by Max Domi.
9:16 of 1st period - Shot Misses the Net.
9:18 of 1st period - Backhand shot by Nazem Kadri.
9:18 of 1st period - Deflect By Matthew Tkachuk.
9:18 of 1st period - Stopped by Ilya Sorokin with a rebound.
9:20 of 1st period - Slapshot by Brenden Dillon.
9:20 of 1st period - Shot Blocked by Matthew Tkachuk.
9:22 of 1st period - Snap shot by Max Domi.
9:22 of 1st period - Shot Misses the Net.
9:28 of 1st period - Wrist shot by Max Domi.
9:28 of 1st period - Stopped by Ilya Sorokin with a rebound.
9:44 of 1st period - Wrist shot by Nazem Kadri.
9:44 of 1st period - Stopped by Ilya Sorokin with a rebound.
9:46 of 1st period - Slapshot by Morgan Rielly.
9:46 of 1st period - Stopped by Ilya Sorokin with a rebound.
9:48 of 1st period - Wrist shot by Max Domi.
9:48 of 1st period - Shot Misses the Net.
9:50 of 1st period - Slapshot by Morgan Rielly.
9:50 of 1st period - Stopped by Ilya Sorokin with a rebound.
9:54 of 1st period - Wrist shot by Nazem Kadri.
9:54 of 1st period - Shot Misses the Net.
9:58 of 1st period - Slapshot by Max Domi.
9:58 of 1st period - Shot Misses the Net.
10:00 of 1st period - Slapshot by Brenden Dillon.
10:00 of 1st period - Shot Blocked by Kris Letang.
10:02 of 1st period - Snap shot by Nazem Kadri.
10:02 of 1st period - Stopped by Ilya Sorokin with a rebound.
10:04 of 1st period - Slapshot by Brenden Dillon.
10:04 of 1st period - Shot Misses the Net.
10:06 of 1st period - Wrist shot by Max Domi.
10:06 of 1st period - Stopped by Ilya Sorokin with a rebound.
10:08 of 1st period - Snap shot by Morgan Rielly.
10:08 of 1st period - Stopped by Ilya Sorokin without a rebound.
10:09 of 1st period - Sebastian Aho wins face-off versus John Tavares in Calgary Flames zone.
10:59 of 1st period - Slapshot by Yakov Trenin.
10:59 of 1st period - Stopped by James Reimer with a rebound.
11:58 of 1st period - Backhand shot by William Nylander.
11:58 of 1st period - Stopped by Ilya Sorokin with a rebound.
12:00 of 1st period - Snap shot by John Tavares.
12:00 of 1st period - Stopped by Ilya Sorokin without a rebound.
12:01 of 1st period - Nic Dowd wins face-off versus William Nylander in Calgary Flames zone.
12:14 of 1st period - Snap shot by Oliver Bjorkstrand.
12:14 of 1st period - Stopped by James Reimer without a rebound.
12:15 of 1st period - Chandler Stephenson wins face-off versus Sebastian Aho in Anaheim Ducks zone.
12:30 of 1st period - Wrist shot by Timo Meier.
12:30 of 1st period - Deflect By Zach Hyman.
12:30 of 1st period - Stopped by James Reimer without a rebound.
12:31 of 1st period - Nic Dowd wins face-off versus William Nylander in Anaheim Ducks zone.
13:21 of 1st period - Wrist shot by Teuvo Teravainen.
13:21 of 1st period - Shot Blocked by Jacob Middleton.
13:23 of 1st period - Snap shot by Josh Manson.
13:23 of 1st period - Stopped by Ilya Sorokin without a rebound.
13:24 of 1st period - J.T. Compher wins face-off versus Cole Sillinger in Calgary Flames zone.
13:33 of 1st period - Calle Jarnkrok is hit by Rafael Harvey-Pinard and loses puck.
13:40 of 1st period - Wrist shot by Cole Sillinger.
13:40 of 1st period - Shot Blocked by Esa Lindell.
13:42 of 1st period - Slapshot by Jacob Middleton.
13:42 of 1st period - Shot Blocked by Joshua Morrissey.
13:44 of 1st period - Snap shot by Yakov Trenin.
13:44 of 1st period - Stopped by James Reimer with a rebound.
13:46 of 1st period - Slapshot by Michael Anderson.
13:46 of 1st period - Deflect By Rafael Harvey-Pinard.
13:46 of 1st period - Stopped by James Reimer without a rebound.
13:47 of 1st period - Nic Dowd wins face-off versus John Tavares in Anaheim Ducks zone.
14:02 of 1st period - Wrist shot by John Tavares.
14:02 of 1st period - Shot Misses the Net.
14:24 of 1st period - Snap shot by Sebastian Aho.
14:24 of 1st period - Shot Misses the Net.
14:26 of 1st period - Snap shot by Zach Hyman.
14:26 of 1st period - Stopped by James Reimer with a rebound.
14:28 of 1st period - Slapshot by Ryan McDonagh.
14:28 of 1st period - Stopped by James Reimer with a rebound.
14:40 of 1st period - Slapshot by Teuvo Teravainen.
14:40 of 1st period - Stopped by Ilya Sorokin without a rebound.
14:41 of 1st period - J.T. Compher wins face-off versus Cole Sillinger in Calgary Flames zone.
14:42 of 1st period - Snap shot by Teuvo Teravainen.
14:42 of 1st period - Shot Misses the Net.
14:48 of 1st period - Snap shot by J.T. Compher.
14:48 of 1st period - Shot Misses the Net.
14:50 of 1st period - Wrist shot by Teuvo Teravainen.
14:50 of 1st period - Stopped by Ilya Sorokin without a rebound.
14:51 of 1st period - Mark Scheifele wins face-off versus Timo Meier in Calgary Flames zone.
15:12 of 1st period - John Tavares is hit by Zach Hyman and loses puck.
15:58 of 1st period - Wrist shot by Matthew Tkachuk.
15:58 of 1st period - Shot Blocked by Josh Manson.
16:02 of 1st period - Snap shot by J.T. Miller.
16:02 of 1st period - Stopped by James Reimer with a rebound.
16:04 of 1st period - Snap shot by Joel Eriksson Ek.
16:04 of 1st period - Shot Misses the Net.
16:19 of 1st period - Snap shot by Max Domi.
16:19 of 1st period - Shot Hit the Post.
16:21 of 1st period - Wrist shot by Mason Marchment.
16:21 of 1st period - Stopped by Ilya Sorokin without a rebound.
16:22 of 1st period - Sebastian Aho wins face-off versus John Tavares in Calgary Flames zone.
16:31 of 1st period - Wrist shot by Sebastian Aho.
16:31 of 1st period - Stopped by James Reimer with a rebound.
16:39 of 1st period - Wrist shot by Zach Hyman.
16:39 of 1st period - Deflect By Timo Meier.
16:39 of 1st period - Goal by Timo Meier - Calgary Flames : 1 - Anaheim Ducks : 0.
16:40 of 1st period - Nic Dowd wins face-off versus John Tavares in neutral zone.
16:51 of 1st period - Slapshot by Oliver Bjorkstrand.
16:51 of 1st period - Stopped by James Reimer without a rebound.
16:52 of 1st period - Sebastian Aho wins face-off versus Mark Scheifele in Anaheim Ducks zone.
17:39 of 1st period - Snap shot by Matthew Tkachuk.
17:39 of 1st period - Shot Misses the Net.
18:21 of 1st period - Sebastian Aho is hit by Josh Manson.
19:11 of 1st period - Esa Lindell is hit by Rasmus Andersson and loses puck.
19:24 of 1st period - Calle Jarnkrok is hit by Zach Hyman and loses puck.
19:39 of 1st period - Slapshot by J.T. Compher.
19:39 of 1st period - Shot Misses the Net.
Goals for this period are 1 for Calgary Flames vs 0 for Anaheim Ducks.
Shots for this period are 12 for Calgary Flames vs 16 for Anaheim Ducks.
2nd period
0:01 of 2nd period - Oliver Bjorkstrand wins face-off versus John Tavares in neutral zone.
0:16 of 2nd period - Wrist shot by Oliver Bjorkstrand.
0:16 of 2nd period - Shot Blocked by William Nylander.
0:31 of 2nd period - Esa Lindell is hit by Sebastian Aho and loses puck.
0:48 of 2nd period - Wrist shot by J.T. Compher.
0:48 of 2nd period - Goal by J.T. Compher - Calgary Flames : 1 - Anaheim Ducks : 1.
0:49 of 2nd period - John Tavares wins face-off versus Nic Dowd in neutral zone.
1:21 of 2nd period - Slapshot by Sebastian Aho.
1:21 of 2nd period - Stopped by James Reimer with a rebound.
1:31 of 2nd period - Minor Penalty to Josh Manson for Roughing.
1:32 of 2nd period - Chandler Stephenson wins face-off versus Sebastian Aho in Anaheim Ducks zone.
1:45 of 2nd period - Chandler Stephenson is hit by Timo Meier and loses puck.
2:04 of 2nd period - Off-side.
2:05 of 2nd period - J.T. Compher wins face-off versus J.T. Miller in neutral zone.
2:16 of 2nd period - Ivan Provorov is hit by J.T. Miller and loses puck.
2:31 of 2nd period - Zach Hyman is hit by Alex Killorn and loses puck.
2:36 of 2nd period - Wrist shot by Chandler Stephenson.
2:36 of 2nd period - Shot Blocked by Rasmus Andersson.
2:38 of 2nd period - Snap shot by Ivan Provorov.
2:38 of 2nd period - Deflect By Alex Killorn.
2:38 of 2nd period - Stopped by Ilya Sorokin without a rebound.
2:39 of 2nd period - Chandler Stephenson wins face-off versus Zach Hyman in Calgary Flames zone.
3:31 of 2nd period - Penalty to Josh Manson is over, Josh Manson is back on ice.
3:36 of 2nd period - Wrist shot by William Nylander.
3:36 of 2nd period - Stopped by Ilya Sorokin with a rebound.
4:00 of 2nd period - Rafael Harvey-Pinard is hit by Esa Lindell and loses puck.
4:21 of 2nd period - Zach Hyman is hit by Brayden Schenn and loses puck.
5:02 of 2nd period - Minor Penalty to Jacob Middleton for Hooking.
5:03 of 2nd period - J.T. Miller wins face-off versus John Tavares in Calgary Flames zone.
5:39 of 2nd period - Slapshot by Chandler Stephenson.
5:39 of 2nd period - Stopped by Ilya Sorokin with a rebound.
6:20 of 2nd period - Icing by Josh Manson.
6:21 of 2nd period - Chandler Stephenson wins face-off versus Joel Eriksson Ek in Anaheim Ducks zone.
7:02 of 2nd period - Penalty to Jacob Middleton is over, Jacob Middleton is back on ice.
7:10 of 2nd period - Kris Letang is hit by J.T. Compher and loses puck.
7:17 of 2nd period - Snap shot by Teuvo Teravainen.
7:17 of 2nd period - Stopped by Ilya Sorokin without a rebound.
7:18 of 2nd period - J.T. Compher wins face-off versus Sebastian Aho in Calgary Flames zone.
8:32 of 2nd period - Ivan Provorov is hit by Jeff Petry and loses puck.
8:53 of 2nd period - Wrist shot by Joel Eriksson Ek.
8:53 of 2nd period - Stopped by James Reimer without a rebound.
8:54 of 2nd period - Nic Dowd wins face-off versus John Tavares in Anaheim Ducks zone.
8:55 of 2nd period - Snap shot by Mathieu Joseph.
8:55 of 2nd period - Stopped by James Reimer with a rebound.
9:27 of 2nd period - Joel Eriksson Ek is hit by Alex Killorn and loses puck.
10:33 of 2nd period - Wrist shot by William Nylander.
10:33 of 2nd period - Shot Misses the Net.
11:11 of 2nd period - Morgan Rielly is hit by Sebastian Aho and loses puck.
11:53 of 2nd period - Snap shot by Kris Letang.
11:53 of 2nd period - Shot Misses the Net.
11:55 of 2nd period - Wrist shot by Mathieu Joseph.
11:55 of 2nd period - Stopped by James Reimer with a rebound.
12:36 of 2nd period - Slapshot by Mark Scheifele.
12:36 of 2nd period - Shot Blocked by Timo Meier.
13:26 of 2nd period - William Nylander is hit by Matthew Tkachuk.
13:30 of 2nd period - Michael Anderson is hit by Brenden Dillon and loses puck.
13:56 of 2nd period - Snap shot by Teuvo Teravainen.
13:56 of 2nd period - Stopped by Ilya Sorokin without a rebound.
13:57 of 2nd period - Nic Dowd wins face-off versus John Tavares in Calgary Flames zone.
13:57 of 2nd period - Nic Dowd is hit by Josh Manson.
14:05 of 2nd period - Snap shot by Mathieu Joseph.
14:05 of 2nd period - Shot Misses the Net.
14:07 of 2nd period - Slapshot by Mathieu Joseph.
14:07 of 2nd period - Stopped by James Reimer without a rebound.
14:08 of 2nd period - Nic Dowd wins face-off versus John Tavares in Anaheim Ducks zone.
14:15 of 2nd period - Slapshot by Mathieu Joseph.
14:15 of 2nd period - Stopped by James Reimer without a rebound.
14:16 of 2nd period - John Tavares wins face-off versus Nic Dowd in Anaheim Ducks zone.
15:45 of 2nd period - Snap shot by John Tavares.
15:45 of 2nd period - Stopped by Ilya Sorokin without a rebound.
15:46 of 2nd period - Chandler Stephenson wins face-off versus J.T. Miller in Calgary Flames zone.
16:13 of 2nd period - J.T. Compher is hit by Michael Anderson.
16:37 of 2nd period - Snap shot by Nazem Kadri.
16:37 of 2nd period - Stopped by Ilya Sorokin with a rebound.
16:39 of 2nd period - Slapshot by Josh Manson.
16:39 of 2nd period - Shot Blocked by Jeff Petry.
16:41 of 2nd period - Slapshot by Mason Marchment.
16:41 of 2nd period - Stopped by Ilya Sorokin without a rebound.
16:42 of 2nd period - Matthew Tkachuk wins face-off versus Chandler Stephenson in Calgary Flames zone.
16:59 of 2nd period - Brenden Dillon is hit by Joel Eriksson Ek and loses puck.
17:53 of 2nd period - Jacob Middleton is hit by Alex Killorn.
18:15 of 2nd period - Mathieu Joseph is hit by Mark Scheifele and loses puck.
18:28 of 2nd period - J.T. Compher is hit by Timo Meier and loses puck.
18:57 of 2nd period - Josh Manson is hit by Cole Sillinger and loses puck.
19:17 of 2nd period - Icing by Ivan Provorov.
19:18 of 2nd period - Sebastian Aho wins face-off versus Nazem Kadri in Anaheim Ducks zone.
19:20 of 2nd period - Minor Penalty to Timo Meier for Hooking.
19:21 of 2nd period - John Tavares wins face-off versus Joel Eriksson Ek in Calgary Flames zone.
19:31 of 2nd period - Snap shot by Mark Scheifele.
19:31 of 2nd period - Stopped by Ilya Sorokin without a rebound.
19:32 of 2nd period - John Tavares wins face-off versus J.T. Miller in Calgary Flames zone.
Goals for this period are 0 for Calgary Flames vs 1 for Anaheim Ducks.
Shots for this period are 6 for Calgary Flames vs 10 for Anaheim Ducks.
3rd period
0:01 of 3rd period - J.T. Miller wins face-off versus Mark Scheifele in neutral zone.
0:11 of 3rd period - Wrist shot by J.T. Miller.
0:11 of 3rd period - Shot Misses the Net.
1:20 of 3rd period - Penalty to Timo Meier is over, Timo Meier is back on ice.
1:24 of 3rd period - Slapshot by Timo Meier.
1:24 of 3rd period - Stopped by James Reimer without a rebound.
1:25 of 3rd period - Timo Meier wins face-off versus J.T. Compher in Anaheim Ducks zone.
1:26 of 3rd period - Snap shot by Sebastian Aho.
1:26 of 3rd period - Stopped by James Reimer without a rebound.
1:27 of 3rd period - J.T. Compher wins face-off versus Sebastian Aho in Anaheim Ducks zone.
1:41 of 3rd period - Rasmus Andersson is hit by Brenden Dillon and loses puck.
1:54 of 3rd period - Joel Eriksson Ek is hit by Mark Scheifele and loses puck.
2:55 of 3rd period - Snap shot by Zach Hyman.
2:55 of 3rd period - Shot Misses the Net.
2:57 of 3rd period - Slapshot by Rasmus Andersson.
2:57 of 3rd period - Deflect By Timo Meier.
2:57 of 3rd period - Shot Misses the Net.
2:57 of 3rd period - Puck is out of play.
2:58 of 3rd period - J.T. Compher wins face-off versus Sebastian Aho in Anaheim Ducks zone.
3:03 of 3rd period - Wrist shot by Calle Jarnkrok.
3:03 of 3rd period - Deflect By Zach Hyman.
3:03 of 3rd period - Stopped by Ilya Sorokin with a rebound.
3:24 of 3rd period - Slapshot by Sebastian Aho.
3:24 of 3rd period - Shot Blocked by Josh Manson.
3:26 of 3rd period - Slapshot by Michael Anderson.
3:26 of 3rd period - Stopped by James Reimer with a rebound.
3:28 of 3rd period - Slapshot by Jacob Middleton.
3:28 of 3rd period - Shot Misses the Net.
3:30 of 3rd period - Slapshot by Michael Anderson.
3:30 of 3rd period - Stopped by James Reimer with a rebound.
3:44 of 3rd period - Snap shot by Zach Hyman.
3:44 of 3rd period - Stopped by James Reimer without a rebound.
3:45 of 3rd period - John Tavares wins face-off versus J.T. Miller in Anaheim Ducks zone.
4:12 of 3rd period - Nic Dowd is hit by Brayden Schenn and loses puck.
5:18 of 3rd period - Snap shot by Calle Jarnkrok.
5:18 of 3rd period - Shot Misses the Net.
5:20 of 3rd period - Snap shot by Teuvo Teravainen.
5:20 of 3rd period - Deflect By J.T. Compher.
5:20 of 3rd period - Shot Misses the Net.
5:20 of 3rd period - Puck is out of play.
5:21 of 3rd period - J.T. Miller wins face-off versus Chandler Stephenson in Calgary Flames zone.
5:48 of 3rd period - John Tavares is hit by Mathieu Joseph and loses puck.
6:42 of 3rd period - Minor Penalty to Mason Marchment for Hooking.
6:43 of 3rd period - Sebastian Aho wins face-off versus Chandler Stephenson in Anaheim Ducks zone.
6:47 of 3rd period - Snap shot by Zach Hyman.
6:47 of 3rd period - Deflect By Timo Meier.
6:47 of 3rd period - Shot Blocked by Josh Manson.
6:47 of 3rd period - Puck is out of play.
6:48 of 3rd period - Sebastian Aho wins face-off versus Chandler Stephenson in Anaheim Ducks zone.
6:49 of 3rd period - Snap shot by Timo Meier.
6:49 of 3rd period - Shot Misses the Net.
8:03 of 3rd period - Teuvo Teravainen is hit by Sebastian Aho and loses puck.
8:42 of 3rd period - Penalty to Mason Marchment is over, Mason Marchment is back on ice.
8:57 of 3rd period - Wrist shot by Mathieu Joseph.
8:57 of 3rd period - Stopped by James Reimer with a rebound.
11:53 of 3rd period - Esa Lindell is hit by Mathieu Joseph.
12:06 of 3rd period - Oliver Bjorkstrand is hit by Mark Scheifele and loses puck.
12:13 of 3rd period - William Nylander is hit by Nic Dowd and loses puck.
13:00 of 3rd period - Wrist shot by Oliver Bjorkstrand.
13:00 of 3rd period - Deflect By Nic Dowd.
13:00 of 3rd period - Shot Misses the Net.
13:00 of 3rd period - Puck is out of play.
13:01 of 3rd period - Chandler Stephenson wins face-off versus J.T. Miller in Anaheim Ducks zone.
13:12 of 3rd period - Snap shot by Alex Killorn.
13:12 of 3rd period - Shot Misses the Net.
13:36 of 3rd period - Slapshot by Nazem Kadri.
13:36 of 3rd period - Stopped by Ilya Sorokin with a rebound.
13:48 of 3rd period - Snap shot by Matthew Tkachuk.
13:48 of 3rd period - Deflect By Joel Eriksson Ek.
13:48 of 3rd period - Stopped by James Reimer with a rebound.
13:50 of 3rd period - Minor Penalty to J.T. Compher for Hooking.
13:51 of 3rd period - Chandler Stephenson wins face-off versus Sebastian Aho in Anaheim Ducks zone.
13:58 of 3rd period - Wrist shot by Zach Hyman.
13:58 of 3rd period - Shot Misses the Net.
14:00 of 3rd period - Slapshot by Timo Meier.
14:00 of 3rd period - Shot Blocked by Ivan Provorov.
14:02 of 3rd period - Snap shot by Sebastian Aho.
14:02 of 3rd period - Shot Misses the Net.
14:04 of 3rd period - Slapshot by Kris Letang.
14:04 of 3rd period - Shot Blocked by Josh Manson.
14:06 of 3rd period - Slapshot by Kris Letang.
14:06 of 3rd period - Deflect By Zach Hyman.
14:06 of 3rd period - Shot Misses the Net.
14:06 of 3rd period - Puck is out of play.
14:07 of 3rd period - Sebastian Aho wins face-off versus Chandler Stephenson in Anaheim Ducks zone.
14:14 of 3rd period - Wrist shot by Sebastian Aho.
14:14 of 3rd period - Shot Misses the Net.
14:16 of 3rd period - Wrist shot by Sebastian Aho.
14:16 of 3rd period - Shot Misses the Net.
14:18 of 3rd period - Snap shot by Timo Meier.
14:18 of 3rd period - Shot Blocked by Brenden Dillon.
14:20 of 3rd period - Slapshot by Kris Letang.
14:20 of 3rd period - Stopped by James Reimer with a rebound.
14:22 of 3rd period - Snap shot by Timo Meier.
14:22 of 3rd period - Deflect By Sebastian Aho.
14:22 of 3rd period - Stopped by James Reimer with a rebound.
14:39 of 3rd period - Slapshot by Matthew Tkachuk.
14:39 of 3rd period - Goal by Matthew Tkachuk - Calgary Flames : 2 - Anaheim Ducks : 1.
14:40 of 3rd period - Sebastian Aho wins face-off versus John Tavares in neutral zone.
15:30 of 3rd period - Wrist shot by J.T. Miller.
15:30 of 3rd period - Shot Blocked by Brenden Dillon.
15:32 of 3rd period - Slapshot by Jeff Petry.
15:32 of 3rd period - Stopped by James Reimer without a rebound.
15:33 of 3rd period - J.T. Miller wins face-off versus William Nylander in Anaheim Ducks zone.
15:38 of 3rd period - Slapshot by J.T. Miller.
15:38 of 3rd period - Shot Misses the Net.
15:44 of 3rd period - Snap shot by Joel Eriksson Ek.
15:44 of 3rd period - Deflect By Matthew Tkachuk.
15:44 of 3rd period - Shot Blocked by Esa Lindell.
15:44 of 3rd period - Puck is out of play.
15:45 of 3rd period - John Tavares wins face-off versus Nic Dowd in Anaheim Ducks zone.
15:47 of 3rd period - Minor Penalty to Joshua Morrissey for High sticking.
15:48 of 3rd period - Chandler Stephenson wins face-off versus J.T. Miller in Anaheim Ducks zone.
15:53 of 3rd period - Icing by Matthew Tkachuk.
15:54 of 3rd period - J.T. Miller wins face-off versus Chandler Stephenson in Calgary Flames zone.
16:02 of 3rd period - Minor Penalty to Kris Letang for Hooking.
16:03 of 3rd period - John Tavares wins face-off versus J.T. Miller in Calgary Flames zone.
17:47 of 3rd period - Penalty to Joshua Morrissey is over, Joshua Morrissey is back on ice.
18:02 of 3rd period - Penalty to Kris Letang is over, Kris Letang is back on ice.
18:02 of 3rd period - Morgan Rielly is hit by Mathieu Joseph and loses puck.
18:27 of 3rd period - Wrist shot by Kris Letang.
18:27 of 3rd period - Shot Blocked by Esa Lindell.
18:29 of 3rd period - Wrist shot by Kris Letang.
18:29 of 3rd period - Stopped by James Reimer with a rebound.
18:31 of 3rd period - Slapshot by Joel Eriksson Ek.
18:31 of 3rd period - Stopped by James Reimer with a rebound.
18:33 of 3rd period - Slapshot by Ryan McDonagh.
18:33 of 3rd period - Shot Blocked by Morgan Rielly.
18:35 of 3rd period - Snap shot by Joel Eriksson Ek.
18:35 of 3rd period - Stopped by James Reimer with a rebound.
18:45 of 3rd period - Anaheim Ducks, James Reimer is pulled from the net.
18:53 of 3rd period - Snap shot by Joshua Morrissey.
18:53 of 3rd period - Shot Blocked by Ryan McDonagh.
18:55 of 3rd period - Slapshot by Mark Scheifele.
18:55 of 3rd period - Shot Misses the Net.
18:57 of 3rd period - Slapshot by Joshua Morrissey.
18:57 of 3rd period - Stopped by Ilya Sorokin with a rebound.
18:59 of 3rd period - Snap shot by Joshua Morrissey.
18:59 of 3rd period - Deflect By Brayden Schenn.
18:59 of 3rd period - Shot Misses the Net.
18:59 of 3rd period - Puck is out of play.
19:00 of 3rd period - Rick Tocchet call a timeout for Anaheim Ducks.
19:00 of 3rd period - J.T. Miller wins face-off versus John Tavares in Calgary Flames zone.
19:00 of 3rd period - J.T. Miller is hit by Ivan Provorov.
19:14 of 3rd period - Wrist shot by Sebastian Aho.
19:14 of 3rd period - Shot Misses the Net.
19:16 of 3rd period - Snap shot by Kris Letang.
19:16 of 3rd period - Shot Misses the Net.
19:18 of 3rd period - Snap shot by Sebastian Aho.
19:18 of 3rd period - Goal by Sebastian Aho - Calgary Flames : 3 - Anaheim Ducks : 1.
19:18 of 3rd period - James Reimer from Anaheim Ducks was sent back in the game.
19:19 of 3rd period - Mathieu Joseph wins face-off versus J.T. Compher in neutral zone.
19:24 of 3rd period - Snap shot by Oliver Bjorkstrand.
19:24 of 3rd period - Stopped by James Reimer without a rebound.
19:25 of 3rd period - Nic Dowd wins face-off versus J.T. Compher in Anaheim Ducks zone.
19:53 of 3rd period - Wrist shot by Chandler Stephenson.
19:53 of 3rd period - Shot Misses the Net.
19:55 of 3rd period - Wrist shot by Josh Manson.
19:55 of 3rd period - Stopped by Ilya Sorokin without a rebound.
19:56 of 3rd period - Chandler Stephenson wins face-off versus Sebastian Aho in Calgary Flames zone.
19:59 of 3rd period - Wrist shot by Alex Killorn.
19:59 of 3rd period - Shot Misses the Net.
Goals for this period are 2 for Calgary Flames vs 0 for Anaheim Ducks.
Shots for this period are 16 for Calgary Flames vs 4 for Anaheim Ducks.
Back to the Top